 Dungeon Crawl Stone Soup version 0.21.1-1-g345015f (webtiles) character file.

826 LairdRich the Chopper (level 7, 0/63 HPs)
             Began as a Minotaur Berserker on June 13, 2018.
             Was a Priest of Trog.
             Slain by a gnoll
             ... wielding a +0 halberd
              (7 damage)
             ... on level 4 of the Dungeon.
             The game lasted 00:14:26 (5046 turns).

LairdRich the Chopper (Minotaur Berserker)          Turns: 5046, Time: 00:14:27

Health: 0/63       AC:  8    Str: 21    XL:     7   Next: 64%
Magic:  6/6        EV: 12    Int:  4    God:    Trog [***...]
Gold:   135        SH:  2    Dex: 12    Spells: 6/6 levels left

rFire    . . .     SeeInvis .   a - +0 hand axe
rCold    . . .     Gourm    .   (no shield)
rNeg     . . .     Faith    .   f - +0 scale mail
rPois    .         Spirit   .   (helmet restricted)
rElec    .         Reflect  +   (no cloak)
rCorr    .         Harm     .   j - +0 pair of gloves
MR       .....                  (no boots)
Stlth    ..........             n - +2 amulet of reflection
HPRegen  0.20/turn              (no ring)
MPRegen  0.10/turn              (no ring)

@: berserk cooldown, slowed, very slow
A: retaliatory headbutt, horns 2
a: Berserk, Trog's Hand, Burn Spellbooks, Renounce Religion


You were on level 4 of the Dungeon.
You worshipped Trog.
Trog was most pleased with you.
You were very hungry.

You visited 1 branch of the dungeon, and saw 4 of its levels.

You collected 135 gold pieces.

Inventory:

Hand Weapons
 a - a +0 hand axe (weapon)
Armour
 f - a +0 scale mail (worn)
 j - a +0 pair of gloves (worn)
Jewellery
 n - a +2 amulet of reflection (around neck)
Scrolls
 b - a scroll of random uselessness {unknown}
 h - 6 scrolls of identify {unknown}
 i - a scroll of noise {unknown}
 m - a scroll of fog {unknown}
 p - a scroll of remove curse {unknown}
Potions
 d - 3 potions of invisibility {unknown}
 e - 2 potions of might {unknown}
 g - a potion of berserk rage {unknown}
 k - a potion of brilliance {unknown}
 l - 2 potions of curing {unknown}
 o - a potion of agility {unknown}
 q - a potion of cancellation {unknown}
 s - a potion of resistance {unknown}
Books
 t - a book of Geomancy

   Spells                             Type                      Level
   a - Sandblast                      Earth                        1
   b - Passwall                       Transmutation/Earth          2
   c - Stone Arrow                    Conjuration/Earth            3
   d - Petrify                        Transmutation/Earth          4
   e - Lee's Rapid Deconstruction     Earth                        5
   Trog disapproves of the use of such an item.
Comestibles
 c - 9 rations
 r - 7 chunks of flesh


   Skills:
 + Level 6.2 Fighting
 + Level 6.3 Axes
 + Level 5.6 Armour
 + Level 5.2 Dodging


You had 6 spell levels left.
You didn't know any spells.

Dungeon Overview and Level Annotations

Branches:
Dungeon (4/15)             Temple (0/1) D:4

Altars:
Fedhas
Zin


Innate Abilities, Weirdness & Mutations

You reflexively headbutt those who attack you in melee.
You have a pair of horns on your head.


Message History

The gnoll is moderately wounded.
The gnoll shouts!
You hit the gnoll.
You hear a shout!
The gnoll hits you from afar with a halberd.
* * * LOW HITPOINT WARNING * * *
The gnoll barely misses you. x2; You furiously retaliate!
You headbutt the gnoll!
You kill the gnoll!
Trog accepts your kill. The gnoll hits you with a halberd!
* * * LOW HITPOINT WARNING * * *
The gnoll closely misses you. The gnoll completely misses you.
A gnoll and a gnoll shaman come into view.
The gnoll hits you from afar with a spear.
* * * LOW HITPOINT WARNING * * *
The gnoll hits you with a halberd.
* * * LOW HITPOINT WARNING * * *
The gnoll hits you but does no damage. The gnoll hits you with a halberd!
You die...

gg#............................#g
g.##############################.
#'# # .?##.. # #+ #.#
######....##### # .....#....#....
# .....≈≈....g. # ...g≈.... #
#.ggg# # ##@######### #
+.)gg'...... #.. #))))#..... #g#
#....# ... #+
..#############''''#############.
..#............................#.
###≈≈≈≈≈≈≈≈≈≈≈≈....≈≈≈≈≈≈≈≈≈≈≈≈##
≈≈≈≈≈≈≈≈≈≈≈≈≈≈≈.)..≈≈≈≈≈≈≈≈≈≈≈≈≈≈
≈≈≈≈≈≈≈≈≈≈≈≈≈≈≈....≈≈≈≈≈≈≈≈≈≈≈≈≈≈


You could see a gnoll shaman and 6 gnolls.

Vanquished Creatures
  An ogre (D:4)
  The ghost of EggBaby the Conjurer, an amateur OpCj of Jiyva (D:3)
  A gnoll sergeant (D:4)
  A scorpion (D:3)
  A howler monkey (D:2)
  A hound (D:4)
  2 orc priests
  A gnoll shaman (D:4)
  An orc wizard (D:4)
  2 iguanas (D:4)
  2 worker ants (D:4)
  13 gnolls (D:4)
  4 adders
  3 worms
  3 dart slugs
  A leopard gecko (D:2)
  7 orcs
  2 giant cockroaches
  9 goblins
  5 hobgoblins
  22 jackals
  2 quokkas
  3 ball pythons
  5 bats
  4 frilled lizards
  9 kobolds
  7 rats
113 creatures vanquished.

Notes
Turn   | Place    | Note
-------+----------+-------------------------------------------
     0 | D:1      | LairdRich the Minotaur Berserker began the quest for the Orb.
     0 | D:1      | Reached XP level 1. HP: 19/19 MP: 0/0
   513 | D:1      | Reached XP level 2. HP: 21/27 MP: 1/1
  1380 | D:2      | Reached XP level 3. HP: 27/33 MP: 2/2
  1426 | D:2      | Reached ** piety under Trog
  2128 | D:2      | Reached XP level 4. HP: 40/40 MP: 3/3
  2781 | D:3      | Reached XP level 5. HP: 31/47 MP: 4/4
  2854 | D:3      | Noticed EggBaby's ghost (amateur OpCj)
  2869 | D:3      | Killed EggBaby's ghost
  2869 | D:3      | Reached skill level 5 in Axes
  2945 | D:3      | Reached skill level 5 in Fighting
  3637 | D:3      | Reached XP level 6. HP: 23/56 MP: 5/5
  4165 | D:4      | Reached *** piety under Trog
  4425 | D:4      | Found a staircase to the Ecumenical Temple.
  4437 | D:4      | Reached skill level 5 in Armour
  4634 | D:4      | Found a glowing silver altar of Zin.
  4634 | D:4      | Noticed an angel
  4690 | D:4      | Reached XP level 7. HP: 62/62 MP: 6/6
  4719 | D:4      | Found a blossoming altar of Fedhas.
  5032 | D:4      | Reached skill level 5 in Dodging
  5046 | D:4      | Slain by a gnoll

Skill      XL: |  1  2  3  4  5  6  7 |
---------------+----------------------+-----
Fighting       | 4 5 6 |  6.2
Axes           | 4 5 6 |  6.3
Armour         | 3 4 5 |  5.6
Dodging        | 3 4 5 |  5.2

Action                   |  1- 3 |  4- 6 |  7- 9 || total
-------------------------+-------+-------+-------++-------
Melee: Hand axe          |    81 |   141 |    64 ||   286
       Headbutt          |     6 |    22 |    11 ||    39
Invok: Berserk           |     1 |     1 |     1 ||     3
  Eat: Chunk             |     5 |     9 |     1 ||    15
Armor: Animal skin       |     7 |       |       ||     7
       Scale mail        |    35 |    39 |    19 ||    93
Dodge: Dodged            |    57 |    75 |    61 ||   193
Block: Other             |       |     1 |     5 ||     6
